 Dungeon Crawl Stone Soup version 0.30-a0-949-g53dc5368d7 (webtiles) character file.

Game seed: 5812361615451354450

63 Querens the Shield-Bearer (level 4, 0/37 HPs)
             Began as a Formicid Fighter on Mar 27, 2023.
             Slain by an orc
             ... wielding a +1 war axe of flaming
              (5 damage)
             ... on level 3 of the Dungeon.
             The game lasted 00:03:44 (1319 turns).

Querens the Shield-Bearer (Formicid Fighter)        Turns: 1319, Time: 00:03:44

Health: 0/37       AC:  7    Str: 29    XL:     4   Next: 30%
Magic:  4/4        EV:  9    Int:  7    God:
Gold:   103        SH:  5    Dex: 13    Spells: 3/3 levels left

rFire   + . .      SeeInvis +    a - +0 war axe
rCold   . . .      Faith    .    c - +0 buckler
rNeg    . . .      Spirit   .    b - +0 scale mail
rPois   .          Reflect  .    (helmet unavailable)
rElec   .          Rampage  .    (no cloak)
rCorr   .                        (no gloves)
Will    .....                    (no boots) Stlth
                                 (no amulet)
HPRegen 0.26/turn                j - ring of protection from fire
MPRegen 0.09/turn                n - +6 ring of strength

@: no status effects
A: permanent stasis, dig shafts and tunnels, antennae 3, four strong arms
a: Dig, Shaft Self


You were on level 3 of the Dungeon.
You visited 1 branch of the dungeon, and saw 3 of its levels.

You collected 103 gold pieces.

Inventory:

Hand Weapons
 a - a +0 war axe (weapon)
Armour
 b - a +0 scale mail (worn)
 c - a +0 buckler (worn)
Jewellery
 j - a ring of protection from fire (left hand)
 n - a +6 ring of strength (right hand)
Scrolls
 e - a scroll of brand weapon {unknown}
 f - 3 scrolls of identify {unknown}
 i - 2 scrolls of teleportation {unknown}
 k - 3 scrolls of poison {unknown}
 m - a scroll of vulnerability {unknown}
 p - a scroll of enchant weapon {unknown}
Potions
 d - a potion of might
 g - 3 potions of magic {unknown}
 h - a potion of ambrosia {unknown}
 l - a potion of curing {unknown}
 o - a potion of resistance {unknown}


   Skills:
 + Level 3.9 Fighting
 + Level 2.6 Axes
 + Level 3.9 Armour
 + Level 4.7 Shields


You had 3 spell levels left.
You didn't know any spells.
Your spell library was empty.

Dungeon Overview and Level Annotations

Branches:
Dungeon (3/15)

Altars:


Innate Abilities, Weirdness & Mutations

You cannot be hasted, slowed, berserked, paralysed or teleported.
You can dig through walls and to a lower floor.
You have a pair of large antennae on your head. (SInv)
Your four strong arms can wield two-handed weapons with a shield.


Message History

You slash the orc!
You kill the orc!
You hit the dart slug. You block the dart slug's attack.
You hit the dart slug.
You kill the dart slug!
You closely miss the orc. The orc barely misses you.
The orc hits you with a +0 flail.
You closely miss the orc. The orc hits you with a +0 flail.
You hit the orc.
The orc is severely wounded.
You block the orc's attack. x2
An orc comes into view. It is wielding a +1 war axe of flaming.
You closely miss the orc.
The orc is severely wounded.
The orc hits you with a +0 flail.
You closely miss the orc.
The orc is severely wounded.
The orc hits you with a +0 flail.
You hit the orc but do no damage.
The orc is severely wounded.
The orc hits you with a +0 flail. The orc barely misses you.
The orc hits you with a +0 flail.
You are too injured to fight recklessly!
You are too injured to fight recklessly!
You are too injured to fight recklessly!
You hit the orc.
The orc is lightly wounded.
You completely miss the orc. You block the orc's attack.
The orc closely misses you.
You barely miss the orc.
The orc is lightly wounded.
You closely miss the orc.
The orc hits you with a +1 war axe of flaming!
* * * LOW HITPOINT WARNING * * *
The orc burns you.
* * * LOW HITPOINT WARNING * * *
The orc hits you with a +0 flail.
* * * LOW HITPOINT WARNING * * *
The orc hits you with a +1 war axe of flaming.
You die...

{ #####
....
###..####
#...oo..#.#
###@....#
#...#...#
#.#.# #.#
#.#.# .. {
#.#.# #
#<#.# ###.#
..# ##


You could see 2 orcs.

Vanquished Creatures
  3 adders (D:2)
  A worm (D:2)
  2 dart slugs
  3 orcs (D:3)
  2 bats
  2 endoplasms (D:2)
  2 giant cockroaches
  3 goblins
  A hobgoblin (D:1)
  A quokka (D:1)
  2 ball pythons
  A frilled lizard (D:2)
  2 kobolds (D:2)
  A rat (D:2)
26 creatures vanquished.

Notes
Turn   | Place    | Note
-------+----------+-------------------------------------------
     0 | D:1      | Querens the Formicid Fighter began the quest for the Orb.
     0 | D:1      | Reached XP level 1. HP: 18/18 MP: 1/1
   439 | D:1      | Reached XP level 2. HP: 24/24 MP: 2/2
   675 | D:2      | Reached XP level 3. HP: 29/29 MP: 3/3
   783 | D:2      | Found a faded altar of an unknown god.
   984 | D:2      | Reached XP level 4. HP: 36/37 MP: 4/4
  1319 | D:3      | Slain by an orc

Illustrated notes

Levels and vault maps discovered:
D:1:      wander_arrival_desolate, layout_loops_corners, serial_glass,
          glass_columns_a, glass_columns_c, glass_columns_c,
          minmay_strange_pillars, serial_park_tiny_2
D:2:      layout_loops_corners, ebering_ecumenical_altar_mist
D:3:      layout_basic, fedhas_altar_3, mainiacjoe_overflow_alcove_2,
          serial_shops, shop_coins

Action                     |  1- 3 |  4- 6 || total
---------------------------+-------+-------++-------
  Melee: War axe           |    45 |    28 ||    73
 Armour: Scale mail        |    18 |     9 ||    27
  Dodge: Dodged            |    18 |    11 ||    29
  Block: Buckler           |    11 |     9 ||    20

Table legend: (Time is in decaauts)
 A = Elapsed time spent in this place.
 B = Non-inter-level travel time spent in this place.
 C = Inter-level travel time spent in this place.
 D = Time resting spent in this place.
 E = Time spent auto-exploring this place.
 F = Levels seen in this place.
 G = Mean time per level.
                   A        B        C        D        E       F      G
               +--------+--------+--------+--------+--------+-----+--------+
         Total |   1346 |   1261 |     85 |      0 |      0 |   3 |  448.7 |
       Dungeon |   1346 |   1261 |     85 |      0 |      0 |   3 |  448.7 |
               +--------+--------+--------+--------+--------+-----+--------+

Top non-repeatable levels by time:
     D:2: 683 daAuts
     D:1: 635 daAuts
     D:3: 28 daAuts
